 Dungeon Crawl Stone Soup version 0.31.0-11-ge490571c62 (webtiles) character file.

Game seed: 12541318927515495106

1157 howech the Changeling (level 8, -5/52 HPs)
             Began as an Octopode Shapeshifter on Feb 4, 2024.
             Was a Follower of Cheibriados.
             Engulfed by a steam dragon's steam (7 damage)
             ... on level 6 of the Dungeon.
             The game lasted 00:16:37 (5676 turns).

howech the Changeling (Octopode Shapeshifter)       Turns: 5676, Time: 00:16:38

Health: -5/52      AC:  1    Str: 16    XL:     8   Next: 39%
Magic:  10/10      EV: 14    Int: 22    God:    Cheibriados [*.....]
Gold:   278        SH:  0    Dex: 16    Spells: 6/9 levels left

rFire   . . .        a - +0 short sword
rCold   . . .        (no shield)
rNeg    . . .        (helmet currently unavailable)
rPois   .            (no amulet)
rElec   .            q - +6 ring of intelligence
rCorr   .            (no ring)
SInv    .            (no ring)
Will    .....        (no ring)
Stlth   ++++         (no ring)
HPRegen 0.28/turn    (no ring)
MPRegen 0.12/turn    (no ring)
                     (no ring)

%: no passive effects
@: about to teleport, beast-form, very slow
A: beast (slay +2), almost no armour, amphibious, 8 rings, camouflage 1,
gelatinous body 1, (nimble swimmer 1), tentacles
a: Begin Untransformation, Renounce Religion, Bend Time


You were on level 6 of the Dungeon.
You worshipped Cheibriados.
Cheibriados was aware of your devotion.
You were a hulking beast.
You visited 2 branches of the dungeon, and saw 7 of its levels.

You collected 304 gold pieces.
You spent 26 gold pieces at shops.

Inventory:

Hand Weapons
 a - a +0 short sword (weapon)
 h - a +1 war axe of venom
 v - a +2 falchion of holy wrath
Missiles
 t - 2 boomerangs (quivered)
Jewellery
 q - a +6 ring of intelligence (left tentacle)
 y - a ring of flight
Talismans
 b - a beast talisman
 c - a flux talisman
Wands
 j - a wand of polymorph (5)
 w - a wand of quicksilver (1)
Scrolls
 f - a scroll of enchant armour
 g - a scroll of revelation
 k - 2 scrolls of blinking
 l - 2 scrolls of amnesia
 p - a scroll of poison
 u - a scroll of vulnerability
 x - a scroll of torment
Potions
 d - a potion of might
 e - 2 potions of curing
 i - a potion of magic
 n - 2 potions of enlightenment
 o - 3 potions of lignification
 r - a potion of attraction
 s - a potion of resistance


   Skills:
 + Level 3.4 Fighting
 + Level 2.9 Short Blades
 + Level 2.3 Axes
 + Level 3.9 Dodging
 + Level 4.1 Stealth
 + Level 4.4 Unarmed Combat
 + Level 1.4 Spellcasting
 + Level 1.5 Hexes
 + Level 1.6 Invocations
 * Level 5.0 Shapeshifting


You had 6 spell levels left.
You knew the following spells:

 Your Spells              Type           Power      Damage    Failure   Level
a - Confusing Touch       Hex            8%         N/A       22%         3

Your spell library contained the following spells:

 Spells                   Type           Power      Damage    Failure   Level
 Slow                     Hex            32%        N/A       8%          1
 Sigil of Binding         Hex            8%         N/A       22%         3
 Vampiric Draining        Necr           1%         2d6       41%         3


Dungeon Overview and Level Annotations

Branches:
Dungeon (6/15)             Temple (1/1) D:5

Altars:
Ashenzari
Cheibriados
Dithmenos
Elyvilon
Fedhas
Gozag
Hepliaklqana
Kikubaaqudgha
Makhleb
Nemelex Xobeh
Okawaru
Qazlal
Ru
Sif Muna
Trog
Uskayaw
Vehumet
Wu Jian
Xom
Yredelemnul
Zin
The Shining One

Shops:
D:5 ?

Annotations:
D:4 exclusion: ogre, Dowan, Duvessa
D:6 1 runed translucent door, Crazy Yiuf, Edmund


Innate Abilities, Weirdness & Mutations

You are a hulking beast.
Your limbs bulge with bestial killing power. (Slay +2)
You cannot wear most types of armour.
You are amphibious.
You can wear up to eight rings at the same time.
Your skin changes colour to match your surroundings (Stealth+).
Your rubbery body absorbs attacks. (AC +1, EV +1)
((You are camouflaged when in or above water. (Stealth+)))
You have tentacles for arms and can constrict up to eight enemies at once.


Message History

Casting: Confusing Touch (dangerous; 22% risk of failure)
Confirm with . or Enter, or press ? or * to list all spells.
Okay, then.
Unknown command.
A steam dragon comes into view.
An orc comes into view. It is wielding a +0 flail.
An orc wizard and 3 orcs come into view.
The orc wizard shouts!
The orc shouts!
The steam dragon breathes steam at you. The ball of steam misses you.
The steam dragon bites you!
The steam dragon claws you but does no damage.
You hear a shout!
The orc is engulfed in a cloud of scalding steam.
The orc dies!
The steam dragon attacks as it pursues you!
The steam dragon bites you. The steam dragon misses you.
The steam dragon closely misses you. x2
You barely miss the steam dragon. Your squeeze misses the steam dragon.
The steam dragon bites you. The steam dragon closely misses you.
You hit the steam dragon.
The steam dragon is lightly wounded.
You hit the steam dragon. You squeeze the steam dragon!
The steam dragon is heavily wounded.
The steam dragon closely misses you. The steam dragon barely misses you.
You barely miss the steam dragon.
The steam dragon is heavily wounded.
The steam dragon breathes steam at you. The ball of steam hits you!!
You hear a shout!
You hit the steam dragon but do no damage.
You squeeze the steam dragon!
The steam dragon is almost dead.
You are engulfed in a cloud of scalding steam.
* * * LOW HITPOINT WARNING * * *
The steam dragon misses you. The steam dragon claws you.
* * * LOW HITPOINT WARNING * * *
As you read the scroll of teleportation, it crumbles to dust.
You feel strangely unstable.
You are engulfed in a cloud of scalding steam.
You die...

.....#......#....................
.....########.......#...#######..
.... ...............#.#...# #..
##'# ...####.########.#.#.# #..
.. #............#.# #.. ..
###.#.##..####.# ##.. #.#.##.##
#.# #... #.#§##.#####.####...
#.#h§............###
#.##Do#.###.###..... o
#§§§..#.#.....<..###
oo..##o.####.##..###.#...
######..o§......##..###+#...
#....#############..##...... #
#........<# #..##...... #
#.....######## #..##...... #
#.......)....# #[.##......


You could see a steam dragon (catching breath) and an orc wizard.

Vanquished Creatures
  Menkaure (D:4)
  A black bear (D:5)
  An ice beast (D:6)
  A sky beast (D:5)
  A centaur (D:5)
  2 scorpions (D:5)
  A howler monkey (D:5)
  A bombardier beetle (D:6)
  An orc priest (D:6)
  A sleepcap (D:6)
  2 iguanas
  Natasha (thrice) (D:4)
  3 orc wizards (D:6)
  Robin (D:4)
  3 gnolls (D:2)
  7 adders
  3 ufetubi
  A ribbon worm (D:4)
  A dart slug (D:2)
  10 orcs
  4 ball pythons
  13 endoplasms
  4 giant cockroaches
  13 goblins
  9 hobgoblins
  4 quokkas
  10 bats
  A frilled lizard (D:2)
  5 kobolds
  4 rats
112 creatures vanquished.

Vanquished Creatures (others)
  An orc (D:6)
1 creature vanquished.

Grand Total: 113 creatures vanquished

Notes
Turn   | Place    | Note
-------+----------+-------------------------------------------
     0 | D:1      | howech the Octopode Shapeshifter began the quest for the
                  | Orb.
     0 | D:1      | Reached XP level 1. HP: 13/13 MP: 1/1
   201 | D:1      | Reached XP level 2. HP: 18/18 MP: 2/2
  1031 | D:2      | Reached XP level 3. HP: 23/23 MP: 3/3
  1063 | D:2      | Found a faded altar of an unknown god.
  1152 | D:2      | Reached skill level 1 in Stealth
  1152 | D:2      | Reached XP level 4. HP: 9/29 MP: 4/4
  1338 | D:2      | Reached skill level 1 in Short Blades
  1954 | D:3      | Identified the +0 robe of Lust {^Contam rElec rCorr
                  | Archmagi}
  2001 | D:3      | Reached XP level 5. HP: 28/34 MP: 5/5
  2513 | D:4      | Noticed an ogre
  2589 | D:4      | Noticed Robin
  2589 | D:4      | Noticed Menkaure
  2608 | D:4      | Killed Menkaure
  2609 | D:4      | Reached skill level 4 in Shapeshifting
  2609 | D:4      | Reached XP level 6. HP: 18/41 MP: 6/6
  2617 | D:4      | Killed Robin
  2618 | D:4      | Reached skill level 1 in Axes
  2916 | D:4      | Noticed Natasha
  2936 | D:4      | Killed Natasha
  3053 | D:4      | Found an ornate altar of the Wu Jian Council.
  3053 | D:4      | Noticed Duvessa
  3053 | D:4      | Noticed Dowan
  3263 | D:4      | Noticed Natasha
  3287 | D:4      | Killed Natasha
  3419 | D:4      | Noticed Natasha
  3429 | D:4      | Killed Natasha
  3566 | D:5      | Entered Level 5 of the Dungeon
  3574 | D:5      | Reached XP level 7. HP: 31/45 MP: 7/7
  3643 | D:5      | Found a staircase to the Ecumenical Temple.
  3652 | Temple   | Entered the Ecumenical Temple
  3713 | Temple   | Became a worshipper of Cheibriados the Contemplative
  3718 | Temple   | Learned a level 3 spell: Confusing Touch
  4176 | D:5      | Found Giyxesch Tink's Magic Scroll Boutique.
  4640 | D:6      | Reached skill level 1 in Invocations
  4663 | D:6      | Reached skill level 1 in Hexes
  4663 | D:6      | Reached XP level 8. HP: 18/52 MP: 9/9
  4665 | D:6      | Reached skill level 1 in Spellcasting
  4796 | D:6      | Noticed Edmund
  4902 | D:6      | Found a runed translucent door.
  4903 | D:6      | Noticed Crazy Yiuf
  5004 | D:6      | Reached * piety under Cheibriados
  5247 | D:5      | Reached skill level 5 in Shapeshifting
  5258 | D:5      | Bought a scroll of identify for 26 gold pieces
  5639 | D:6      | Noticed a two-headed ogre
  5675 | D:6      | HP: 2/52 [steam dragon (6)]
  5676 | D:6      | Engulfed by a steam dragon's steam

Illustrated notes

Levels and vault maps discovered:
D:1:      minmay_arrival_four_houses, layout_loops_ring, minivault_27,
          grunt_decor_fettered
D:2:      layout_loops_ring, basic_ecumenical_altar
D:3:      layout_basic
D:4:      layout_rooms, nicolae_wu_jian_glorious_leap, uniq_duvessa, uniq_robin,
          uniq_menkaure, uniq_natasha
D:5:      layout_basic, minmay_temple_entry_trees, nicolae_take_the_stairs
D:6:      layout_basic, st_stairs_11, nicolae_titane, uniq_crazy_yiuf_cottage,
          uniq_edmund
Temple:   mainiacjoe_temple_starburst

Skill      XL: |  1  2  3  4  5  6  7  8 |
---------------+-------------------------+-----
Stealth        | 1 2 3 4 |  4.1
Short Blades   | 1 2 |  2.9
Fighting       | 2 3 |  3.4
Dodging        | 3 |  3.9
Shapeshifting  | 4 5 |  5.0
Axes           | 1 2 |  2.3
Unarmed Combat | 4 |  4.4
Invocations    | 1 |  1.6
Hexes          | 1 |  1.5
Spellcasting   | 1 |  1.4

Action                     |  1- 3 |  4- 6 |  7- 9 || total
---------------------------+-------+-------+-------++-------
  Melee: Unarmed           |    57 |   119 |    47 ||   223
         Constrict         |    15 |    23 |    24 ||    62
         Tentacles         |    13 |    23 |    27 ||    63
         Punch             |     2 |     5 |     3 ||    10
         Short sword       |       |     6 |    56 ||    62
  Throw: Boomerang         |       |       |    13 ||    13
    Use: Potion            |       |     8 |     1 ||     9
         Scroll            |       |     3 |     7 ||    10
   Stab: Sleeping          |     2 |    16 |     5 ||    23
         Distracted        |       |     1 |       ||     1
 Armour: Skin              |    24 |    44 |    52 ||   120
  Dodge: Dodged            |    36 |    76 |    62 ||   174
